 Dungeon Crawl Stone Soup version 0.14.1-1-g650416f (webtiles) character file.

238 MirrMurr the Sneak (level 4, -1/21 HPs)
             Began as a Spriggan Enchanter on May 6, 2014.
             Killed by nerve-wracking pain
             ... invoked by Grinder
              (6 damage)
             ... on Level 2 of the Dungeon.
             The game lasted 00:06:04 (3053 turns).

MirrMurr the Sneak (Spriggan Enchanter)             Turns: 3053, Time: 00:06:04

HP  -1/21        AC  5     Str  5      XL: 4   Next: 39%
MP   3/12        EV 18     Int 16      God:
Gold 143         SH  0     Dex 16      Spells:  3 memorised,  2 levels left

rFire  . . .     SeeInvis +     a - +1 dagger
rCold  . . .     Clarity  .     b - +1 robe
rNeg   . . .     Conserve .     (shield restricted)
rPois  .         rCorr    .     j - +2 hat
rElec  .         rRot     .     (no cloak)
SustAb . .       Spirit   .     (gloves unavailable)
rMut   .         Warding  .     (boots unavailable)
Saprov . . .     Stasis   .     (no amulet)
MR     .....                    (no ring)
                                (no ring)

@: very quick, not resistant to hostile enchantments, very stealthy
A: unfitting armour, see invisible, herbivore 3, speed 3, slow metabolism 2
a: no special abilities


You were on level 2 of the Dungeon.
You were full.

You visited 1 branch of the dungeon, and saw 3 of its levels.

You collected 143 gold pieces.

Inventory:

Hand weapons
 a - a +1,+1 dagger (weapon)
Missiles
 d - 12 darts (quivered)
Armour
 b - a +1 robe (worn)
 j - a +2 hat (worn)
Comestibles
 f - 2 bread rations
 m - a slice of pizza
Scrolls
 i - a scroll of fear {unknown}
 o - 2 scrolls of teleportation {unknown}
 q - a scroll of remove curse {unknown}
 t - a scroll of magic mapping {unknown}
Jewellery
 l - an uncursed ring of regeneration {unknown}
 n - an uncursed ring of see invisible {unknown}
 r - an uncursed ring of protection from magic {unknown}
Potions
 e - a potion of porridge
 g - a potion of heal wounds
 k - 2 potions of agility {unknown}
 p - a potion of mutation {unknown}
 s - 2 potions of magic {unknown}
Books
 c - a book of Maledictions

   Spells                             Type                      Level
   *Corona                            Hexes                        1
   Sure Blade                         Hexes/Charms                 2
   *Ensorcelled Hibernation           Hexes/Ice                    2
   *Confuse                           Hexes                        3
   Enslavement                        Hexes                        4
   Invisibility                       Hexes                        6


   Skills:
 + Level 2.4 Short Blades
 - Level 1.1 Throwing
 - Level 3.0 Dodging
 + Level 6.5 Stealth
 - Level 2.6 Spellcasting
 - Level 3.6 Hexes


You had 2 spell levels left.
You knew the following spells:

 Your Spells              Type           Power        Failure   Level  Hunger
a - Ensorcelled Hibernat  Hex/Ice        #.....       17%         2    ##.....
b - Confuse               Hex            ##......     14%         3    ###....
Z - Corona                Hex            ##.....      6%          1    #......


Dungeon Overview and Level Annotations

Branches:
Dungeon (3/15)

Altars:

Annotations:
D:2 Grinder


Innate Abilities, Weirdness & Mutations

You are tiny and cannot use many weapons and most armour.
You have supernaturally acute eyesight.
You are a herbivore.
You cover ground extremely quickly.
You need consume almost no food.


Message History

Grinder is lightly wounded.
Grinder zaps a wand.
The puff of flame hits you!
Casting: Confuse
Confirm with . or Enter, or press ? or * to list all spells.
You don't have enough magic to cast that spell.
Unknown command.
You hit Grinder.
Grinder is lightly wounded.
Grinder gestures at you. You resist.
There is a stone staircase leading up here.
Grinder zaps a wand.
The puff of flame hits you!
* * * LOW HITPOINT WARNING * * *
You climb upwards.
There is a stone staircase leading down here.
Grinder gestures at you. You resist. Grinder gestures at you.
Pain shoots through your body!
You die...

..####.##....##...###.# #.# .##
#.##.#.###.#.#...# #.# .#
#..........#.#.### #.# .#
####.###.###)#.# #.# .#
###.....###.#.# #.# ##
#........##.#.# #.#
#######.......>.#.#.# ########.#
............5...#.#.####.........
#######......>..@........###....#
#...........#......# #.####
##################.###.# #..<..#
#######


You could see Grinder.

Vanquished Creatures
  3 adders (D:2)
  2 worms (D:2)
  2 giant geckos
  7 bats
  2 giant cockroaches (D:2)
  7 goblins
  5 hobgoblins
  4 jackals (D:1)
  9 kobolds
  3 quokkas (D:2)
  A ball python (D:1)
  4 giant newts (D:1)
  8 rats
57 creatures vanquished.

Notes
Turn   | Place    | Note
--------------------------------------------------------------
     0 | D:1      | MirrMurr, the Spriggan Enchanter, began the quest for the Orb.
     0 | D:1      | Reached XP level 1. HP: 9/9 MP: 4/4
   138 | D:1      | Reached skill level 4 in Stealth
   148 | D:1      | Reached XP level 2. HP: 4/13 MP: 7/7
   522 | D:1      | Learned a level 2 spell: Ensorcelled Hibernation
  1000 | D:1      | Reached skill level 5 in Stealth
  1440 | D:1      | Reached XP level 3. HP: 16/16 MP: 9/9
  1445 | D:1      | Learned a level 3 spell: Confuse
  1784 | D:2      | Reached skill level 6 in Stealth
  2076 | D:2      | Reached XP level 4. HP: 21/21 MP: 12/12
  2658 | D:3      | Noticed Grinder
  2795 | D:3      | Paralysed by Grinder for 6 turns
  3053 | D:2      | Killed from afar by Grinder

Action                   |  1- 3 |  4- 6 || total
-------------------------+-------+-------++-------
Melee: Dagger            |   163 |    45 ||   208
Throw: Dart              |     5 |       ||     5
 Cast: Corona            |     1 |       ||     1
       Ensorcelled Hiber |     2 |     3 ||     5
       Confuse           |       |     7 ||     7
  Use: Potion            |     1 |       ||     1
 Stab: Sleeping          |    13 |     4 ||    17
       Distracted        |     1 |     1 ||     2
       Confused          |       |     1 ||     1
